 Dungeon Crawl Stone Soup version 0.30-a0-394-g3e4acdb0ae (webtiles) character file.

Game seed: 4049760616286002598

63 qeuew the Trooper (level 4, 0/49 HPs)
             Began as an Ogre Cinder Acolyte on Dec 6, 2022.
             Was a High Priest of Ignis.
             Slain by Robin
             ... wielding a +0 trident
              (7 damage)
             ... on level 2 of the Dungeon.
             The game lasted 00:02:41 (1112 turns).

qeuew the Trooper (Ogre Cinder Acolyte)             Turns: 1112, Time: 00:02:41

Health: 0/49       AC:  3    Str: 18    XL:     4   Next: 9%
Magic:  1/7        EV:  9    Int: 13    God:    Ignis [*****.]
Gold:   72         SH:  0    Dex:  6    Spells: 5/7 levels left

rFire   + . .      SeeInvis .    a - -1 hand axe (flame)
rCold   . . .      Faith    .    (no shield)
rNeg    . . .      Spirit   .    b - +0 robe
rPois   .          Reflect  .    (helmet restricted)
rElec   .          Harm     .    (no cloak)
rCorr   .          Rampage  .    (gloves unavailable)
Will    .....                    (boots unavailable)
Stlth   +.........               (no amulet)
HPRegen 0.28/turn                (no ring)
MPRegen 0.10/turn                (no ring)

@: no status effects
A: large, unfitting armour, tough skin 1, dopey 1, passive freeze
a: Renounce Religion, Fiery Armour, Foxfire Swarm, Rising Flame


You were on level 2 of the Dungeon.
You worshipped Ignis.
Ignis was extremely pleased with you.
You visited 1 branch of the dungeon, and saw 2 of its levels.

You collected 72 gold pieces.

Inventory:

Hand Weapons
 a - a -1 hand axe of flaming (weapon)
Armour
 b - a +0 robe (worn)
Scrolls
 e - a scroll of silence
 f - a scroll of teleportation {unknown}
 h - a scroll of identify {unknown}
 i - a scroll of blinking {unknown}
 k - a scroll of acquirement {unknown}


   Skills:
 + Level 4.3 Fighting
 * Level 3.5 Axes
 + Level 0.7 Armour
 + Level 0.8 Dodging
 * Level 2.3 Spellcasting
 + Level 2.9 Fire Magic


You had 5 spell levels left.
You knew the following spells:

 Your Spells              Type           Power      Damage    Failure   Level
a - Scorch                Fire           18%        2d5       11%         2

Your spell library contained the following spells:

 Spells                   Type           Power      Damage    Failure   Level
 Freeze                   Ice            4%         1d3       24%         1
 Kiss of Death            Conj/Necr      4%         2d5       24%         1
 Confusing Touch          Hex            1%         N/A       58%         3
 Frozen Ramparts          Ice            2%         1d1       58%         3
 Hailstorm                Conj/Ice       1%         3d3       58%         3
 Dispel Undead            Necr           1%         3d6       94%         4


Dungeon Overview and Level Annotations

Branches:
Dungeon (2/15)

Altars:

Annotations:
D:2 Robin


Innate Abilities, Weirdness & Mutations

You are too large for most types of armour.
You have tough skin. (AC +1)
You are dopey. (Int -2)
A frigid envelope surrounds you and freezes all who hurt you.


Message History

You hit the goblin. You burn the goblin.
You kill the goblin!
You closely miss the goblin. The goblin closely misses you.
Robin zaps a wand.
The roots erupt in riotous growth!
The grasping roots grab you!
The goblin is unaffected.
The grasping roots constrict you.
You hear an angry hiss.
Casting: Scorch (safe; 10% risk of failure)
Press: ? - help, Q - select action Dir - look around, f - activate Look: Robin, wielding a +0 trident, wearing a +0 animal skin, wearing a +0 helmet and carrying a wand of roots (10) Flames lash the endoplasm.
You kill the endoplasm!
The goblin hits you but does no damage.
Robin hits you from afar with a +0 trident.
The grasping roots constrict you.
Casting: Scorch (safe; 10% risk of failure)
Press: ? - help, Q - select action Dir - look around, f - activate Flames lash Robin.
Robin is moderately wounded.
Robin's fire resistance burns away.
You hear a shout!
The goblin hits you with a +0 club.
* * * LOW HITPOINT WARNING * * *
Robin barely misses you. The grasping roots constrict you.
* * * LOW HITPOINT WARNING * * *
Casting: Scorch (safe; 10% risk of failure)
Press: ? - help, Q - select action Dir - look around, f - activate Flames lash the hobgoblin.
You kill the hobgoblin!
The goblin barely misses you. Robin hits you but does no damage.
The grasping roots constrict you.
* * * LOW HITPOINT WARNING * * *
The grasping roots release their grip on you.
You don't have enough magic to cast this spell.
Unknown command.
Unknown command.
It was a potion of mutation.
You feel extremely strange.
You feel stupid.
Your skin feels very cold.
Robin hits you from afar with a +0 trident!
You die...

..# ..# ###..
#... #.. #.#
.#######g#
....gg)@)#
.....###.#
..# #.# #)# .
#.# .. #.# #
...#####.##.#
............#
.........#.##


You could see Robin (combustible), a hobgoblin (strong) and a goblin (strong).

Vanquished Creatures
  2 adders (D:2)
  A worm (D:2)
  A dart slug (D:1)
  2 ball pythons (D:1)
  4 bats (D:1)
  3 endoplasms
  2 giant cockroaches
  9 goblins
  4 hobgoblins
  2 kobolds (D:1)
  2 frilled lizards (D:1)
  2 rats
34 creatures vanquished.

Notes
Turn   | Place    | Note
-------+----------+-------------------------------------------
     0 | D:1      | qeuew the Ogre Cinder Acolyte began the quest for the Orb.
     0 | D:1      | Reached XP level 1. HP: 24/24 MP: 2/2
   193 | D:1      | Reached XP level 2. HP: 30/32 MP: 2/4
   573 | D:1      | Reached XP level 3. HP: 33/39 MP: 5/5
   854 | D:2      | Learned a level 2 spell: Scorch
  1098 | D:2      | Noticed Robin
  1106 | D:2      | Reached XP level 4. HP: 31/49 MP: 7/7
  1112 | D:2      | Gained mutation: You are dopey. (Int -2) [potion of
                  | mutation]
  1112 | D:2      | Gained mutation: A frigid envelope surrounds you and
                  | freezes all who hurt you. [potion of mutation]
  1112 | D:2      | Slain by Robin

Illustrated notes

Levels and vault maps discovered:
D:1:      wheals_arrival_linesprint, layout_rooms, minmay_cut_off
D:2:      layout_loops_ring, uniq_robin

Skill      XL: |  1  2  3 |
---------------+----------+-----
Spellcasting   | 2 |  2.3
Fighting       | |  4.3
Axes           | |  3.5
Armour         | |  0.7
Dodging        | |  0.8
Fire Magic     | |  2.9

Action                   |  1- 3 |  4- 6 || total
-------------------------+-------+-------++-------
Melee: Hand axe          |   116 |     3 ||   119
 Cast: Scorch            |     4 |     3 ||     7
  Use: Potion            |     5 |     1 ||     6
       Scroll            |     3 |       ||     3
Armor: Robe              |    48 |     3 ||    51
Dodge: Dodged            |    69 |     5 ||    74

Table legend: (Time is in decaauts)
 A = Elapsed time spent in this place.
 B = Non-inter-level travel time spent in this place.
 C = Inter-level travel time spent in this place.
 D = Time resting spent in this place.
 E = Time spent auto-exploring this place.
 F = Levels seen in this place.
 G = Mean time per level.
                   A        B        C        D        E       F      G
               +--------+--------+--------+--------+--------+-----+--------+
         Total |   1107 |   1069 |     38 |      0 |    829 |   2 |  553.5 |
       Dungeon |   1107 |   1069 |     38 |      0 |    829 |   2 |  553.5 |
               +--------+--------+--------+--------+--------+-----+--------+

Top non-repeatable levels by time:
     D:1: 826 daAuts
     D:2: 281 daAuts
